 Dungeon Crawl Stone Soup version 0.29-a0-222-g5b244fca1f (webtiles) character file.

Game seed: 8612151744080714716

77768 dolemite99 the Thaumaturge (level 15, -1/115 HPs)
             Began as a Gnoll Earth Elementalist on Feb 28, 2022.
             Was an Initiate of Yredelemnul.
             Slain by a wolf spider (5 damage)
             ... on level 1 of the Spider Nest.
             The game lasted 01:14:34 (33272 turns).

dolemite99 the Thaumaturge (GnEE)                  Turns: 33272, Time: 01:14:35

Health: -1/115     AC: 17    Str:  6 (10) XL:     15   Next: 58%
Magic:  4/30       EV: 13    Int: 20 (25) God:    Yredelemnul [......]
Gold:   38         SH: 12    Dex: 17 (19) Spells: 1/36 levels left

rFire   + . .      SeeInvis .   b - +2 demon whip (elec)
rCold   + + +      Faith    .   J - +0 kite shield
rNeg    + . .      Spirit   .   K - +3 ring mail of Kikubaaqudgha's Wrath {Int+5 Dex+4}
rPois   +          Reflect  .   w - +0 helmet of Somewhere Else {rPois rC+ rN+}
rElec   .          Harm     .   Q - scarf {rC+ rF+}
rCorr   .          Rampage  .   e - +1 pair of gloves {Dex+3}
Will    +....                   i - +2 pair of boots
Stlth   ++++......              (no amulet)
HPRegen 0.29/turn               h - ring of protection from cold
MPRegen 0.22/turn               z - +4 ring of slaying {=R}

@: no status effects
A: fangs 1, strong nose, distributed training
a: Renounce Religion, Recall Undead Harvest


You were on level 1 of the Spider Nest.
You worshipped Yredelemnul.
Yredelemnul was aware of your devotion.
You visited 5 branches of the dungeon, and saw 22 of its levels.

You collected 1523 gold pieces.
You spent 1485 gold pieces at shops.

Inventory:

Hand Weapons
 a - the +11 hand crossbow "Kizuq" {flame, rF+ rN++ Str+3}
   (You bought it in a shop on level 2 of the Orcish Mines)

   Any ammunition fired from it burns those it strikes, dealing additional fire
   damage.
   Str:       It affects your strength (+3).
   rF:        It protects you from fire.
   rN:        It greatly protects you from negative energy.
 b - a +2 demon whip of electrocution (weapon)
 k - a +2 spear of venom
 q - a +1 demon trident of venom
 r - a +2 dagger of venom
 F - a +1 vampiric war axe
Missiles
 d - 135 stones
 j - 36 boomerangs
 p - 2 boomerangs of dispersal
 u - 49 poisoned darts
 A - 6 datura-tipped darts
 H - 2 throwing nets
 I - 4 curare-tipped darts
Armour
 e - a +1 pair of gloves of dexterity (worn)
 i - a +2 pair of boots (worn)
 w - the +0 helmet of Somewhere Else (worn) {rPois rC+ rN+}
   (You found it on level 1 of the Lair of Beasts)

   rC:        It protects you from cold.
   rPois:     It protects you from poison.
   rN:        It protects you from negative energy.
 J - a +0 kite shield (worn)
 K - the +3 ring mail of Kikubaaqudgha's Wrath (worn) {Int+5 Dex+4}
   (You found it on level 7 of the Dungeon)

   Int:       It affects your intelligence (+5).
   Dex:       It affects your dexterity (+4).
 Q - a scarf of resistance (worn)
Magical Staves
 g - a staff of cold
 y - a staff of fire
Jewellery
 h - a ring of protection from cold (left hand)
 n - a ring of protection from fire
 z - a +4 ring of slaying (right hand) {=R}
Wands
 c - a wand of paralysis (5)
 f - a wand of flame (6)
 x - a wand of polymorph (11)
 S - a wand of charming (2)
Scrolls
 N - a scroll of vulnerability
 R - a scroll of blinking
 Y - a scroll of teleportation
Potions
 l - 4 potions of lignification
 o - 4 potions of attraction
 s - 2 potions of ambrosia {unknown}
 t - a potion of flight {unknown}
 C - a potion of magic
 D - a potion of berserk rage {unknown}
 L - a potion of invisibility {unknown}
 U - a potion of might {unknown}
 V - 2 potions of degeneration {unknown}
Miscellaneous
 E - a phial of floods (inert)
 G - a phantom mirror (inert)
 M - a tin of tremorstones (1/2)


   Skills:
 + Level 10.2 Fighting
 + Level 10.2 Short Blades
 + Level 10.2 Long Blades
 + Level 10.2 Axes
 + Level 10.2 Maces & Flails
 + Level 10.2 Polearms
 + Level 10.2 Staves
 + Level 10.2 Slings
 + Level 10.2 Bows
 + Level 10.2 Crossbows
 + Level 10.2 Throwing
 + Level 10.2 Armour
 + Level 11.2 Dodging
 + Level 11.0 Stealth
 + Level 10.2 Shields
 + Level 10.2 Unarmed Combat
 + Level 11.3 Spellcasting
 + Level 8.5 Conjurations
 + Level 8.5 Hexes
 + Level 8.5 Summonings
 + Level 8.5 Necromancy
 + Level 8.5 Translocations
 + Level 8.9 Transmutations
 + Level 8.5 Fire Magic
 + Level 8.5 Ice Magic
 + Level 8.5 Air Magic
 + Level 10.2 Earth Magic
 + Level 8.5 Poison Magic
 + Level 11.1 Invocations
 + Level 10.2 Evocations


You had one spell level left.
You knew the following spells:

 Your Spells              Type           Power      Damage    Failure   Level
a - Borgnjor's Vile Clut  Necr/Erth      24%        N/A       22%         5
b - Tukima's Dance        Hex            45%        N/A       3%          3
c - Stone Arrow           Conj/Erth      98%        3d13      2%          3
d - Olgreb's Toxic Radia  Pois           45%        N/A       12%         4
e - Static Discharge      Conj/Air       45%        N/A       1%          2
f - Vampiric Draining     Necr           45%        2d9       3%          3
g - Ensorcelled Hibernat  Hex/Ice        90%        N/A       1%          2
h - Teleport Other        Tloc           45%        N/A       3%          3
i - Slow                  Hex            100%       N/A       1%          1
j - Lee's Rapid Deconstr  Erth           25%        3d15*     17%         5
k - Passwall              Tmut/Erth      40%        N/A       1%          2
l - Blink                 Tloc           90%        N/A       1%          2

Your spell library contained the following spells:

 Spells                   Type           Power      Damage    Failure   Level
 Foxfire                  Conj/Fire      100%       2x1d9     1%          1
 Freeze                   Ice            100%       1d11      1%          1
 Pain                     Necr           100%       1d9       1%          1
 Sandblast                Erth           100%       2d20      1%          1
 Shock                    Conj/Air       100%       1d9       1%          1
 Sting                    Tmut/Pois      100%       1d8       1%          1
 Poisonous Vapours        Pois/Air       90%        N/A       1%          2
 Confusing Touch          Hex            45%        N/A       3%          3
 Conjure Flame            Conj/Fire      45%        6-21      3%          3
 Frozen Ramparts          Ice            90%        1d11      3%          3
 Gell's Gravitas          Tloc           45%        N/A       3%          3
 Inner Flame              Hex/Fire       45%        N/A       3%          3
 Lesser Beckoning         Tloc           45%        N/A       3%          3
 Swiftness                Air            45%        N/A       3%          3
 Petrify                  Tmut/Erth      49%        N/A       8%          4
 Animate Armour           Summ/Erth      98%        N/A       9%          4
 Leda's Liquefaction      Hex/Erth       24%        N/A       9%          4
 Airstrike                Air            22%        N/A       12%         4
 Anguish                  Hex/Necr       22%        N/A       12%         4
 Animate Dead             Necr           22%        N/A       12%         4
 Dispel Undead            Necr           45%        3d17      12%         4
 Flame Wave               Conj/Fire      45%        2d10      12%         4
 Hailstorm                Conj/Ice       45%        3d10      12%         4
 Sticky Flame             Conj/Fire      45%        2d6       12%         4
 Blade Hands              Tmut           23%        N/A       28%         5
 Agony                    Necr           45%        N/A       32%         5
 Excruciating Wounds      Necr           22%        N/A       32%         5
 Lightning Bolt           Conj/Air       22%        1d38      32%         5
 Manifold Assault         Tloc           45%        N/A       32%         5
 Iron Shot                Conj/Erth      24%        9d5       77%         6
 Statue Form              Tmut/Erth      32%        N/A       77%         6
 Enfeeble                 Hex            22%        N/A       100%        7
 Ozocubu's Refrigeration  Ice            22%        4d9       100%        7
 Storm Form               Tmut/Air       23%        N/A       100%        7
 Ignition                 Fire           22%        3d8       100%        8
 Maxwell's Capacitive Co  Air            22%        ∞         100%        8
 Death Channel            Necr           Unusable   N/A       N/A         6

Dungeon Overview and Level Annotations

Branches:
Dungeon (11/15)            Temple (1/1) D:7            Lair (6/6) D:8
 Shoals (0/4) Lair:2       Spider (2/4) Lair:4        Slime (0/5) Lair:5
    Orc (2/2) D:10            Elf (0/3) Orc:2

Altars:
Ashenzari
Cheibriados
Dithmenos
Elyvilon
Fedhas
Gozag
Hepliaklqana
Kikubaaqudgha
Makhleb
Nemelex Xobeh
Okawaru
Qazlal
Ru
Sif Muna
Trog
Uskayaw
Vehumet
Wu Jian
Xom
Yredelemnul
Zin
The Shining One
Beogh

Shops:
D:1 (   D:3 (   Orc:2 [*:(

Annotations:
D:5 2 transporters


Innate Abilities, Weirdness & Mutations

You have very sharp teeth.
Your uncanny sense of smell can sniff out nearby items.
Your experience applies equally to all skills.


Message History

* * * LOW HITPOINT WARNING * * *
The wolf spider barely misses you.
You feel better.
The wolf spider hits you but does no damage.
You block the wolf spider's attack.
You feel better. You block the wolf spider's attack. x2
The wolf spider closely misses you.
The wolf spider bites you but does no damage.
You block the wolf spider's attack.
The wolf spider bites you but does no damage.
A tarantella comes into view.
The wolf spider hits you!
* * * LOW HITPOINT WARNING * * *
You block the wolf spider's attack.
The tarantella moves out of view.
A wolf spider comes into view.
The wolf spider hisses angrily.
You whack the wolf spider!
The wolf spider is moderately wounded.
You hear an angry hiss.
The wolf spider is healed somewhat.
You block the wolf spider's attack. x2
You hit the wolf spider.
You bite the wolf spider, but do no damage.
The wolf spider is moderately wounded.
The wolf spider is healed somewhat.
You block the wolf spider's attack. x2
The culicivora bites you but does no damage.
You hit the wolf spider.
The wolf spider is moderately wounded.
The wolf spider hits you.
* * * LOW HITPOINT WARNING * * *
The wolf spider bites you but does no damage.
The culicivora bites you.
* * * LOW HITPOINT WARNING * * *
You feel better. The wolf spider hits you!
* * * LOW HITPOINT WARNING * * *
The wolf spider bites you but does no damage.
The wolf spider is healed somewhat.
The wolf spider hits you!
* * * LOW HITPOINT WARNING * * *
The wolf spider bites you.
You die...
Your body rises from the dead as a mindless zombie.

.###.# .....
.#..##....
#.......##
#.s......#
#..s.....
##.....#
#......# #
###..ss..#....
#.....@.......
#..............
##..........^..
#............^
#............#
##....##.....#
.....# ##...#
##.... #..#


You could see 2 wolf spiders, a culicivora and a tarantella.

Vanquished Creatures
  Nikola (Spider:2)
  Jorgrun (Orc:1)
  Asterion (Spider:2)
  An orc warlord (Orc:2)
  3 hydras
  A radroach (Spider:2)
  A merfolk avatar (Lair:6)
  An ogre mage (D:10)
  A death knight (D:11)
  A tengu warrior (D:10)
  A two-headed ogre (D:9)
  An orc high priest (Orc:2)
  Urug (Orc:1)
  Nergalle (Orc:2)
  A sea snake (Lair:6)
  An orb spider (Spider:2)
  A lindwurm (Lair:6)
  2 harpies (Lair:6)
  3 orc knights (Orc:2)
  A deep elf pyromancer (D:10)
  An orc sorcerer (Orc:2)
  4 wolf spiders
  2 black mambas
  11 elephants (Lair:5)
  A moth of wrath (Spider:1)
  A gargoyle (D:7)
  A merfolk siren (Lair:2)
  9 cane toads
  2 kobold demonologists
  2 freezing wraiths (D:11)
  A demonic crawler (Spider:2)
  5 komodo dragons
  3 rime drakes
  4 trolls
  3 meliai (Spider:2)
  A hornet (D:10)
  A polar bear (Lair:6)
  2 merfolk (Lair:2)
  Grinder (D:3)
  5 tarantellas
  17 blink frogs
  A dream sheep (Lair:4)
  2 shadows
  7 jumping spiders
  7 wyverns
  2 wraiths (D:11)
  A vampire mosquito (D:7)
  36 yaks
  4 steam dragons
  6 basilisks
  2 wargs (Orc:2)
  5 redbacks (Spider:1)
  2 acid dragons
  11 water moccasins
  3 black bears
  16 orc warriors
  A necrophage (D:5)
  19 wolves
  An ogre (D:6)
  4 centaurs
  5 kobold brigands (D:8)
  9 bullfrogs
  A gnoll sergeant (D:10)
  2 scorpions
  4 killer bees (D:8)
  7 wights
  3 howler monkeys
  4 electric eels
  2 hounds
  13 orc priests
  A gnoll shaman (D:5)
  Crazy Yiuf (D:5)
  Jessica (D:2)
  Ijyb (D:3)
  11 orc wizards
  4 iguanas
  Terence (D:3)
  Robin (D:3)
  4 gnolls (D:5)
  11 adders
  A shadow imp (D:8)
  A white imp (D:5)
  An ufetubus (D:4)
  5 worms (D:3)
  3 dart slugs
  36 orcs
  7 bats
  2 endoplasms
  6 giant cockroaches
  15 goblins
  8 hobgoblins
  4 jackals (D:3)
  22 kobolds
  8 quokkas
  7 ball pythons
  3 frilled lizards
  3 kobold skeletons (D:8)
  3 kobold zombies (D:8)
  4 rats
457 creatures vanquished.

Vanquished Creatures (collateral kills)
  Arachne (Spider:2)
  A broodmother (Spider:1)
  2 entropy weavers (Spider:1)
  A hydra (Lair:4)
  Sonja (Orc:2)
  A pharaoh ant (Spider:2)
  A sea snake (Lair:6)
  A wolf spider (Spider:2)
  2 manticores (Lair:6)
  A merfolk siren (Lair:2)
  6 elephants
  A torpor snail (Spider:2)
  8 cane toads
  A demonic crawler (Spider:1)
  A kobold demonologist (D:10)
  2 rime drakes (Lair:6)
  4 komodo dragons
  A tarantella (Spider:2)
  A hornet (Lair:6)
  A troll (Orc:1)
  A wind drake (Lair:6)
  2 blink frogs
  4 dream sheep (Lair:4)
  A snapping turtle (Lair:6)
  A culicivora (Spider:2)
  A wyvern (Lair:6)
  3 basilisks
  30 yaks
  A steam dragon (Lair:6)
  A warg (Orc:2)
  4 water moccasins
  3 orc warriors (Orc:2)
  11 wolves
  3 kobold brigands (D:8)
  Blork the orc (Orc:2)
  2 bullfrogs
  2 killer bees
  4 wights
  2 orc priests
  5 orc wizards
  A shadow imp (D:8)
  6 orcs
  10 kobolds (D:8)
  4 kobold skeletons (D:8)
  8 kobold zombies (D:8)
149 creatures vanquished.

Vanquished Creatures (others)
  Arachne zombie (Spider:2)
  A wolf spider zombie (Spider:1)
  A sea snake zombie (Lair:6)
  A redback zombie (Spider:1)
  A demonic crawler zombie (Spider:2)
  2 meliai zombies (Spider:2)
  A jumping spider zombie (Spider:1)
  A tarantella zombie (Spider:1)
  A radroach zombie (Spider:2)
  A culicivora zombie (Spider:2)
  A black mamba zombie (Lair:2)
  A wind drake zombie (Lair:6)
  A wyvern (Lair:6)
  A water moccasin (Lair:5)
  5 cane toad zombies
  A manticore zombie (Lair:6)
  A blink frog zombie (Lair:3)
  A snapping turtle zombie (Lair:6)
  3 elephant zombies
  A komodo dragon zombie (D:8)
  A spectral wyvern (D:8)
  2 rime drake zombies (Lair:5)
  2 wyvern zombies (Lair:6)
  5 water moccasin zombies
  3 warg zombies (Orc:2)
  17 yak zombies
  A polar bear zombie (Lair:6)
  A troll zombie (Orc:2)
  12 wolf zombies
  2 centaur zombies
  3 bullfrog zombies
  A basilisk zombie (D:8)
  An orc wizard (D:8)
  2 killer bee zombies (D:8)
  2 steam dragon zombies
  A gnoll zombie (D:10)
  An electric eel zombie (Lair:4)
  An iguana zombie (D:9)
  16 kobold zombies (D:8)
  33 orc zombies
  2 bushes (Lair:1)
  65 fungi
  197 plants
398 creatures vanquished.

Grand Total: 1004 creatures vanquished

Notes
Turn   | Place    | Note
-------+----------+-------------------------------------------
     0 | D:1      | dolemite99 the Gnoll Earth Elementalist began the quest for
                  | the Orb.
     0 | D:1      | Reached XP level 1. HP: 13/13 MP: 6/6
   239 | D:1      | Found Sajuc's Weapon Shop.
   273 | D:1      | Reached XP level 2. HP: 19/19 MP: 5/7
   296 | D:1      | Learned a level 2 spell: Ensorcelled Hibernation
   299 | D:1      | Learned a level 2 spell: Passwall
   441 | D:1      | Found a faded altar of an unknown god.
  1022 | D:2      | Noticed Jessica
  1032 | D:2      | Killed Jessica
  1033 | D:2      | Reached skill level 5 in Spellcasting
  1033 | D:2      | Reached skill level 1 in Invocations
  1033 | D:2      | Reached XP level 3. HP: 25/25 MP: 4/9
  1216 | D:1      | Learned a level 1 spell: Slow
  1220 | D:1      | Learned a level 3 spell: Stone Arrow
  1500 | D:2      | Reached skill level 1 in Fighting
  1500 | D:2      | Reached skill level 1 in Short Blades
  1500 | D:2      | Reached skill level 1 in Long Blades
  1500 | D:2      | Reached skill level 1 in Axes
  1500 | D:2      | Reached skill level 1 in Maces & Flails
  1500 | D:2      | Reached skill level 1 in Polearms
  1500 | D:2      | Reached skill level 1 in Staves
  1500 | D:2      | Reached skill level 1 in Slings
  1500 | D:2      | Reached skill level 1 in Bows
  1500 | D:2      | Reached skill level 1 in Crossbows
  1500 | D:2      | Reached skill level 1 in Throwing
  1500 | D:2      | Reached skill level 1 in Armour
  1500 | D:2      | Reached skill level 1 in Shields
  1500 | D:2      | Reached skill level 1 in Unarmed Combat
  1500 | D:2      | Reached skill level 1 in Evocations
  1817 | D:2      | Reached XP level 4. HP: 32/32 MP: 9/11
  1822 | D:2      | Found an ornate altar of the Wu Jian Council.
  2162 | D:2      | Reached skill level 1 in Conjurations
  2162 | D:2      | Reached skill level 1 in Hexes
  2162 | D:2      | Reached skill level 1 in Summonings
  2162 | D:2      | Reached skill level 1 in Necromancy
  2162 | D:2      | Reached skill level 1 in Translocations
  2162 | D:2      | Reached skill level 1 in Fire Magic
  2162 | D:2      | Reached skill level 1 in Ice Magic
  2162 | D:2      | Reached skill level 1 in Air Magic
  2162 | D:2      | Reached skill level 1 in Poison Magic
  2504 | D:3      | Noticed Grinder
  2528 | D:3      | Killed Grinder
  2529 | D:3      | Reached skill level 5 in Dodging
  2529 | D:3      | Reached XP level 5. HP: 27/38 MP: 4/12
  2529 | D:3      | Reached XP level 6. HP: 31/44 MP: 4/14
  2605 | D:3      | Learned a level 4 spell: Petrify
  2649 | D:3      | Found Gevae's Weapon Shop.
  2658 | D:3      | Bought a +0 hand crossbow of flaming for 107 gold pieces
  2728 | D:3      | Noticed Robin
  2752 | D:3      | Noticed Ijyb
  2947 | D:3      | Killed Robin
  3079 | D:3      | Noticed Terence
  3083 | D:3      | Killed Terence
  3911 | D:3      | You fall into a shaft and drop 2 floors!
  3911 | D:5      | Entered Level 5 of the Dungeon
  3916 | D:5      | Found an ornate altar of the Wu Jian Council.
  3918 | D:5      | Found a glowing silver altar of Zin.
  3920 | D:5      | Found a radiant altar of Vehumet.
  3920 | D:5      | Noticed a yak
  3920 | D:5      | Noticed a wraith
  3928 | D:5      | Noticed a kobold demonologist
  3934 | D:5      | Noticed a necrophage
  3947 | D:5      | Killed a necrophage
  3948 | D:5      | Reached XP level 7. HP: 36/51 MP: 8/15
  3959 | D:5      | Found a transporter.
  4457 | D:3      | Killed Ijyb
  5012 | D:1      | Bought 22 stones for 24 gold pieces
  5029 | D:1      | Learned a level 3 spell: Vampiric Draining
  5031 | D:1      | Learned a level 1 spell: Slow
  5569 | D:5      | Found a transporter.
  5703 | D:5      | Reached skill level 5 in Stealth
  6157 | D:5      | Reached XP level 8. HP: 57/57 MP: 13/16
  6282 | D:5      | Found a runed translucent door.
  6283 | D:5      | Noticed Crazy Yiuf
  6289 | D:5      | Killed Crazy Yiuf
  7091 | D:7      | Found an opulent altar of Gozag.
  7266 | D:7      | Found a snail-covered altar of Cheibriados.
  7608 | D:7      | Learned a level 3 spell: Teleport Other
  7767 | D:7      | Reached XP level 9. HP: 65/65 MP: 15/18
  7839 | D:7      | Identified the +3 ring mail of Kikubaaqudgha's Wrath {Int+5
                  | Dex+4}
  8128 | D:7      | Noticed a gargoyle
  8133 | D:7      | Killed a gargoyle
  8393 | D:7      | Noticed a green ugly thing
  8431 | D:7      | Found a staircase to the Ecumenical Temple.
  8507 | Temple   | Entered the Ecumenical Temple
  8598 | Temple   | Became a worshipper of Yredelemnul the Dark
  9697 | D:8      | Identified the +1 robe "Semozyol" {SInv}
  9892 | D:8      | Reached skill level 5 in Invocations
  9974 | D:8      | Noticed a komodo dragon
 10002 | D:8      | Reached XP level 10. HP: 69/73 MP: 13/20
 10088 | D:8      | Reached skill level 5 in Fighting
 10088 | D:8      | Reached skill level 5 in Short Blades
 10088 | D:8      | Reached skill level 5 in Long Blades
 10088 | D:8      | Reached skill level 5 in Axes
 10088 | D:8      | Reached skill level 5 in Maces & Flails
 10088 | D:8      | Reached skill level 5 in Polearms
 10088 | D:8      | Reached skill level 5 in Staves
 10088 | D:8      | Reached skill level 5 in Slings
 10088 | D:8      | Reached skill level 5 in Bows
 10088 | D:8      | Reached skill level 5 in Crossbows
 10088 | D:8      | Reached skill level 5 in Throwing
 10088 | D:8      | Reached skill level 5 in Armour
 10088 | D:8      | Reached skill level 5 in Shields
 10088 | D:8      | Reached skill level 5 in Unarmed Combat
 10088 | D:8      | Reached skill level 5 in Evocations
 10161 | D:8      | Found a staircase to the Lair.
 10176 | D:8      | Reached * piety under Yredelemnul
 10416 | D:8      | Identified the +1 leather armour "Pasaarhu" {MP+9 Dex+3}
 10982 | D:8      | Reached ** piety under Yredelemnul
 11163 | D:8      | Reached skill level 5 in Transmutations
 11396 | D:8      | Noticed a kobold demonologist
 11402 | D:8      | Killed a kobold demonologist
 11403 | D:8      | Found an ancient bone altar of Kikubaaqudgha.
 11730 | D:9      | Noticed a two-headed ogre
 11739 | D:9      | Killed a two-headed ogre
 11961 | D:9      | Reached *** piety under Yredelemnul
 11962 | D:9      | Reached XP level 11. HP: 81/81 MP: 15/22
 12012 | D:9      | Found a hazy altar of Hepliaklqana.
 12084 | D:9      | Found a bloodstained altar of Trog.
 12196 | D:9      | Reached **** piety under Yredelemnul
 12334 | D:10     | Entered Level 10 of the Dungeon
 12337 | D:10     | Found a staircase to the Orcish Mines.
 12481 | D:10     | Learned a level 2 spell: Static Discharge
 12992 | D:10     | Reached skill level 5 in Conjurations
 12992 | D:10     | Reached skill level 5 in Hexes
 12992 | D:10     | Reached skill level 5 in Summonings
 12992 | D:10     | Reached skill level 5 in Necromancy
 12992 | D:10     | Reached skill level 5 in Translocations
 12992 | D:10     | Reached skill level 5 in Fire Magic
 12992 | D:10     | Reached skill level 5 in Ice Magic
 12992 | D:10     | Reached skill level 5 in Air Magic
 12992 | D:10     | Reached skill level 5 in Poison Magic
 14046 | D:10     | Noticed a tengu warrior
 14051 | D:10     | Noticed an ogre mage
 14052 | D:10     | Killed a tengu warrior
 14054 | D:10     | Killed an ogre mage
 14205 | D:10     | Learned a level 5 spell: Borgnjor's Vile Clutch
 14241 | D:10     | Noticed a four-headed hydra
 14245 | D:10     | Killed a four-headed hydra
 14285 | D:10     | Noticed a deep elf pyromancer
 14297 | D:10     | Killed a deep elf pyromancer
 14678 | D:3      | Bought a throwing net for 39 gold pieces
 14678 | D:3      | Bought 12 stones for 15 gold pieces
 14678 | D:3      | Bought 16 stones for 20 gold pieces
 14678 | D:3      | Bought a +2 spear of venom for 202 gold pieces
 14856 | Lair:1   | Entered Level 1 of the Lair of Beasts
 14887 | Lair:1   | Reached XP level 12. HP: 58/89 MP: 11/24
 15130 | Lair:1   | Identified the +0 helmet of Somewhere Else {rPois rC+ rN+}
 16297 | Lair:2   | Noticed a six-headed hydra
 16304 | Lair:2   | Killed a six-headed hydra
 16837 | Lair:2   | Reached ***** piety under Yredelemnul
 16949 | Lair:2   | Reached ****** piety under Yredelemnul
 17129 | Lair:2   | Found a staircase to the Shoals.
 17676 | Lair:2   | Reached XP level 13. HP: 74/98 MP: 20/26
 18033 | Lair:3   | Learned a level 4 spell: Olgreb's Toxic Radiance
 18248 | Lair:3   | Identified the +7 quarterstaff "Buhues" {drain, rPois rF+}
 18345 | Lair:3   | Identified the +0 scale mail of Kufal {Will+}
 19737 | Lair:4   | Found a hole to the Spider Nest.
 20002 | Lair:4   | Identified the +6 rapier "Tyutz" {speed, +Blink rN++ Str-5
                  | Dex+2}
 20628 | Lair:5   | Reached skill level 10 in Spellcasting
 21509 | Lair:5   | Found a staircase to the Slime Pits.
 21910 | Lair:5   | Reached skill level 10 in Dodging
 21911 | Lair:5   | Reached XP level 14. HP: 106/106 MP: 13/28
 22607 | Lair:6   | Entered Level 6 of the Lair of Beasts
 22643 | Lair:6   | Reached skill level 10 in Stealth
 22884 | Lair:6   | Reached skill level 10 in Invocations
 23648 | Lair:6   | Found the +7 captain's cutlass {speed, disarm}
 23661 | Lair:6   | Identified the +6 battleaxe "Ucwie" {pain, Str+2 Dex+3}
 23876 | Lair:6   | Learned a level 2 spell: Blink
 23884 | Lair:6   | Learned a level 3 spell: Tukima's Dance
 24701 | Orc:1    | Entered Level 1 of the Orcish Mines
 24765 | Orc:1    | Noticed Urug
 24775 | Orc:1    | Killed Urug
 24777 | Orc:1    | Noticed Jorgrun
 24791 | Orc:1    | Killed Jorgrun
 25748 | Orc:2    | Entered Level 2 of the Orcish Mines
 26222 | Orc:2    | Noticed Sonja
 26232 | Orc:2    | Killed Sonja
 26780 | Orc:2    | Noticed Nergalle
 26790 | Orc:2    | Killed Nergalle
 27039 | Orc:2    | Noticed an orc warlord
 27064 | Orc:2    | Your ally Nergalle died
 27444 | Orc:2    | Noticed Blork the orc
 27452 | Orc:2    | Killed Blork the orc
 27462 | Orc:2    | Your ally Blork died
 27924 | Orc:2    | Killed an orc warlord
 28724 | Orc:2    | Reached XP level 15. HP: 115/115 MP: 15/29
 29055 | Orc:2    | Found Pijan's General Store.
 29177 | Orc:2    | Found Wauluol's Book Shoppe.
 29298 | Orc:2    | Found a staircase to the Elven Halls.
 29401 | Orc:2    | Found Jibburphe's Antique Armour Shoppe.
 29415 | Orc:2    | Found Kusir's Antique Weapon Shoppe.
 29611 | Orc:2    | Bought a book of the Earth for 504 gold pieces
 29619 | Orc:2    | Learned a level 5 spell: Lee's Rapid Deconstruction
 29634 | Orc:2    | Bought a pitted hand crossbow for 187 gold pieces
 29634 | Orc:2    | Identified the +11 hand crossbow "Kizuq" {flame, rF+ rN++
                  | Str+3} (You bought it in a shop on level 2 of the Orcish
                  | Mines)
 29869 | Orc:2    | Bought a masterwork ring mail for 261 gold pieces
 29869 | Orc:2    | Identified the +4 ring mail of Qazlal's Supremacy {Dex+2
                  | Slay+3} (You bought it in a shop on level 2 of the Orcish
                  | Mines)
 29916 | Orc:2    | Bought a scroll of blinking for 90 gold pieces
 29916 | Orc:2    | Bought a potion of curing for 36 gold pieces
 30851 | D:11     | Found an ornate altar of the Wu Jian Council.
 31627 | Spider:1 | Entered Level 1 of the Spider Nest
 31915 | Spider:1 | You fall into a shaft and drop 1 floor!
 31920 | Spider:2 | Noticed Arachne
 31927 | Spider:2 | Killed Arachne
 31928 | Spider:2 | Reached skill level 10 in Earth Magic
 31962 | Spider:2 | Your ally Arachne died
 32014 | Spider:2 | Reached skill level 10 in Fighting
 32014 | Spider:2 | Reached skill level 10 in Short Blades
 32014 | Spider:2 | Reached skill level 10 in Long Blades
 32014 | Spider:2 | Reached skill level 10 in Axes
 32014 | Spider:2 | Reached skill level 10 in Maces & Flails
 32014 | Spider:2 | Reached skill level 10 in Polearms
 32014 | Spider:2 | Reached skill level 10 in Staves
 32014 | Spider:2 | Reached skill level 10 in Slings
 32014 | Spider:2 | Reached skill level 10 in Bows
 32014 | Spider:2 | Reached skill level 10 in Crossbows
 32014 | Spider:2 | Reached skill level 10 in Throwing
 32014 | Spider:2 | Reached skill level 10 in Armour
 32014 | Spider:2 | Reached skill level 10 in Shields
 32014 | Spider:2 | Reached skill level 10 in Unarmed Combat
 32014 | Spider:2 | Reached skill level 10 in Evocations
 32253 | Spider:2 | Noticed Asterion
 32262 | Spider:2 | Killed Asterion
 32545 | Spider:2 | Noticed Nikola
 32558 | Spider:2 | Killed Nikola
 33245 | Spider:1 | Noticed an emperor scorpion
 33254 | Spider:1 | HP: 2/115 [something (6)]
 33272 | Spider:1 | HP: 4/115 [wolf spider (14)]
 33272 | Spider:1 | Slain by a wolf spider

Illustrated notes

Levels and vault maps discovered:
D:1:      dpeg_arrival_boxorama, layout_loops_ring, serial_shops, shop,
          dreamdust_ecumenical_altar_grove
D:2:      layout_loops_cross, basic_altar, minmay_circle_x, uniq_jessica
D:3:      layout_rooms, gup_sewer_entry_spiral, serial_shops,
          nicolae_shop_bloodbath_and_beyond, uniq_ijyb, uniq_grinder,
          uniq_robin, uniq_terence
D:4:      layout_gridville
D:5:      layout_rooms, gammafunk_temple_overflow_arena, uniq_crazy_yiuf_cottage
D:6:      layout_basic
D:7:      layout_rooms, mainiacjoe_overflow_large_starburst,
          minmay_temple_entry_fiery, kb_rosetta
D:8:      wander_kiku_kobolds, layout_basic, erik_lair_dragon, fountainhead
D:9:      layout_long_grid, trog_butcher_becter, mainiacjoe_overflow_brackets
D:10:     minmay_octagon_keep, layout_cave_pools, minivault_25,
          minmay_diamond_spiral
D:11:     layout_long_grid, nzn_wu_jian_contemplation
Temple:   regret_index_temple_waves
Lair:1:   layout_chaotic_city, serial_forest, infiniplex_forest_corner_1,
          infiniplex_forest_join, infiniplex_forest_clump_long,
          infiniplex_forest_lined_2, infiniplex_forest_corner_2,
          infiniplex_forest_end_1, infiniplex_forest_clump_small,
          infiniplex_forest_clump_large
Lair:2:   layout_small_grid, elwin_shoals_entry_stream,
          chequers_serial_rivers_large_a, patterned_corridor
Lair:3:   layout_small_grid, wad_woods_road_03, kennysheep_basilisk_garden
Lair:4:   layout_roguey, spider_nest_entry_web_field, serial_bayou_shore_a
Lair:5:   beast_lair_carwin_large_3, layout_gridlike, dpeg_slime_entry_corner,
          grunt_megastairs_1
Lair:6:   gammafunk_lair_ancient_temple, layout_hall_layers,
          chequers_serial_rivers_small_3, nicolae_lair_lindhole
Spider:1: layout_spider_delve
Spider:2: layout_chambers, nicolae_spider_moth_buddies, uniq_nikola,
          uniq_arachne, uniq_asterion
Orc:1:    layout_diamond_mine, hellmonk_bongcloud_opening, uniq_urug,
          uniq_jorgrun
Orc:2:    grunt_orc_cross, layout_caves, uniq_sonja

Skill      XL: |  1  2  3  4  5  6  7  8  9 10 11 12 13 14 15 |
---------------+----------------------------------------------+-----
Transmutations | 2 3 4 5 6 7 8 |  8.9
Spellcasting   | 5 6 7 8 9 10 11 | 11.3
Invocations    | 1 2 3 4 5 6 7 8 9 10 11 | 11.1
Fighting       | 1 2 3 4 5 6 7 8 9 10 | 10.2
Short Blades   | 1 2 3 4 5 6 7 8 9 10 | 10.2
Long Blades    | 1 2 3 4 5 6 7 8 9 10 | 10.2
Axes           | 1 2 3 4 5 6 7 8 9 10 | 10.2
Maces & Flails | 1 2 3 4 5 6 7 8 9 10 | 10.2
Polearms       | 1 2 3 4 5 6 7 8 9 10 | 10.2
Staves         | 1 2 3 4 5 6 7 8 9 10 | 10.2
Slings         | 1 2 3 4 5 6 7 8 9 10 | 10.2
Bows           | 1 2 3 4 5 6 7 8 9 10 | 10.2
Crossbows      | 1 2 3 4 5 6 7 8 9 10 | 10.2
Throwing       | 1 2 3 4 5 6 7 8 9 10 | 10.2
Armour         | 1 2 3 4 5 6 7 8 9 10 | 10.2
Shields        | 1 2 3 4 5 6 7 8 9 10 | 10.2
Unarmed Combat | 1 2 3 4 5 6 7 8 9 10 | 10.2
Evocations     | 1 2 3 4 5 6 7 8 9 10 | 10.2
Conjurations   | 1 2 3 4 5 6 7 8 |  8.5
Hexes          | 1 2 3 4 5 6 7 8 |  8.5
Summonings     | 1 2 3 4 5 6 7 8 |  8.5
Necromancy     | 1 2 3 4 5 6 7 8 |  8.5
Translocations | 1 2 3 4 5 6 7 8 |  8.5
Fire Magic     | 1 2 3 4 5 6 7 8 |  8.5
Ice Magic      | 1 2 3 4 5 6 7 8 |  8.5
Air Magic      | 1 2 3 4 5 6 7 8 |  8.5
Poison Magic   | 1 2 3 4 5 6 7 8 |  8.5
Dodging        | 5 6 7 8 9 10 11 | 11.2
Stealth        | 5 6 7 8 9 10 11 | 11.0
Earth Magic    | 6 7 8 9 10 | 10.2

Action                   |  1- 3 |  4- 6 |  7- 9 | 10-12 | 13-15 || total
-------------------------+-------+-------+-------+-------+-------++-------
Melee: Dagger            |    24 |    23 |     9 |     7 |     4 ||    67
       Bite              |     3 |     2 |     1 |     8 |     3 ||    17
       Punch             |       |     1 |       |     1 |       ||     2
       Unarmed           |       |     3 |    24 |       |       ||    27
       War axe           |       |       |       |    10 |       ||    10
       Spear             |       |       |       |     5 |       ||     5
       Demon whip        |       |       |       |       |     8 ||     8
       Hand crossbow     |       |       |       |       |     1 ||     1
 Fire: Hand crossbow     |       |    33 |    87 |   113 |   176 ||   409
 Cast: Sandblast         |    20 |    46 |   122 |   230 |    91 ||   509
       Ensorcelled Hiber |       |    15 |     4 |       |       ||    19
       Slow              |       |       |     6 |     1 |       ||     7
       Stone Arrow       |       |       |     3 |    13 |    19 ||    35
       Teleport Other    |       |       |     1 |     1 |       ||     2
       Static Discharge  |       |       |       |     8 |     1 ||     9
       Borgnjor's Vile C |       |       |       |     3 |    40 ||    43
       Olgreb's Toxic Ra |       |       |       |       |   183 ||   183
       Tukima's Dance    |       |       |       |       |     3 ||     3
       Lee's Rapid Decon |       |       |       |       |     1 ||     1
Invok: Dark Bargain      |       |       |       |       |     2 ||     2
       Recall Undead Har |       |       |       |       |     1 ||     1
Evoke: Wand              |       |       |     2 |    20 |    40 ||    62
       Tin of tremorston |       |       |       |       |     4 ||     4
       Phial of floods   |       |       |       |       |     3 ||     3
       Phantom mirror    |       |       |       |       |     3 ||     3
  Use: Scroll            |     3 |     5 |    11 |    10 |    14 ||    43
       Potion            |       |     1 |     5 |     5 |    23 ||    34
 Stab: Sleeping          |       |    10 |     2 |     1 |       ||    13
       Paralysed         |       |       |       |       |     2 ||     2
Armor: Robe              |     7 |    10 |    28 |       |       ||    45
       Skin              |       |       |     1 |       |       ||     1
       Ring mail         |       |       |    10 |    84 |   117 ||   211
Dodge: Dodged            |    21 |    52 |    76 |   156 |   133 ||   438
Block: Buckler           |       |       |       |    30 |    54 ||    84
       Kite shield       |       |       |       |       |    66 ||    66

Table legend: (Time is in decaauts)
 A = Elapsed time spent in this place.
 B = Non-inter-level travel time spent in this place.
 C = Inter-level travel time spent in this place.
 D = Time resting spent in this place.
 E = Time spent auto-exploring this place.
 F = Levels seen in this place.
 G = Mean time per level.
                   A        B        C        D        E       F      G
               +--------+--------+--------+--------+--------+-----+--------+
         Total |  33438 |  31615 |   1823 |  12298 |  13753 |  22 | 1519.9 |
       Dungeon |  16618 |  15490 |   1128 |   5474 |   6935 |  11 | 1510.7 |
        Temple |    117 |     92 |     25 |      0 |      0 |   1 |  117.0 |
          Lair |   9891 |   9543 |    348 |   2721 |   5347 |   6 | 1648.5 |
   Spider Nest |   1650 |   1650 |      0 |   1195 |    171 |   2 |  825.0 |
  Orcish Mines |   5161 |   4841 |    320 |   2908 |   1299 |   2 | 2580.5 |
               +--------+--------+--------+--------+--------+-----+--------+

Top non-repeatable levels by time:
   Orc:2: 3377 daAuts
    D:10: 2387 daAuts
     D:8: 2305 daAuts
     D:7: 2277 daAuts
     D:3: 2195 daAuts
  Lair:5: 2150 daAuts
  Lair:6: 1903 daAuts
  Lair:2: 1789 daAuts
   Orc:1: 1783 daAuts
  Lair:3: 1499 daAuts
  Lair:1: 1475 daAuts
    D:11: 1432 daAuts
     D:2: 1344 daAuts
     D:1: 1331 daAuts
  Lair:4: 1073 daAuts
